 Dungeon Crawl Stone Soup version 0.27.1-34-g3ba077fa99 (console) character file.

Game seed: 14628356294692866688

174 toffzen the Skirmisher (level 5, 0/33 HPs)
             Began as a Gargoyle Berserker on Jan 11, 2022.
             Was a Believer of Trog.
             Slain by Grinder (7 damage)
             ... on level 3 of the Dungeon on Jan 12, 2022.
             The game lasted 00:04:18 (2292 turns).

toffzen the Skirmisher (Gargoyle Berserker)         Turns: 2292, Time: 00:04:19

Health: 0/33       AC:  7    Str: 21    XL:     5   Next: 54%
Magic:  5/5        EV: 12    Int:  8    God:    Trog [**....]
Gold:   124        SH:  0    Dex:  9    Spells: 4/4 levels left

rFire    . . .     SeeInvis .   h - +2 whip (drain)
rCold    . . .     Faith    .   (no shield)
rNeg     + . .     Spirit   .   b - +0 animal skin
rPois    ∞         Reflect  .   (no helmet)
rElec    +         Harm     .   (no cloak)
rCorr    .         Rampage  .   m - +0 pair of gloves
Will     ++...                  (no boots)
Stlth    +.........             (no amulet)
HPRegen  1.11/turn              (no ring)
MPRegen  0.09/turn              (no ring)

@: strong-willed, on berserk cooldown, regenerating, slowed, very slow
A: sickness immunity, AC +4, negative energy resistance 1, electricity
resistance, torment resistance 1, petrification resistance
a: Renounce Religion, Berserk, Trog's Hand


You were on level 3 of the Dungeon.
You worshipped Trog.
Trog was pleased with you.
You visited 1 branch of the dungeon, and saw 3 of its levels.

You collected 124 gold pieces.

Inventory:

Hand Weapons
 a - a +0 hand axe
 h - a +2 whip of draining (weapon)
Missiles
 c - 37 stones (quivered)
Armour
 b - a +0 animal skin (worn)
 m - a +0 pair of gloves (worn)
Wands
 i - a wand of flame (18)
Scrolls
 g - a scroll of immolation {unknown}
 k - a scroll of acquirement {unknown}
 l - a scroll of fog {unknown}
Potions
 d - a potion of haste
 e - a potion of brilliance {unknown}
 f - a potion of heal wounds {unknown}
 j - 2 potions of invisibility {unknown}


   Skills:
 + Level 4.1 Fighting
 * Level 4.0 Axes
 + Level 3.4 Armour
 + Level 2.4 Dodging


You had 4 spell levels left.
You didn't know any spells.
Your spell library was empty.

Dungeon Overview and Level Annotations

Branches:
Dungeon (3/15)

Altars:

Annotations:
D:3 Grinder


Innate Abilities, Weirdness & Mutations

You are immune to sickness and miasma.
Your stone body is resilient. (AC +4)
You are immune to poison.
You resist negative energy. (rN+)
You are resistant to electric shocks. (rElec)
You are resistant to unholy torment.
You are immune to petrification.


Message History

Grinder is moderately wounded.
Grinder closely misses you.
You barely miss Grinder.
Grinder is moderately wounded.
You feel the effects of Trog's Hand fading.
Grinder hits you but does no damage.
You barely miss Grinder.
Grinder is moderately wounded.
Grinder closely misses you. Grinder hits you but does no damage.
You hit Grinder.
Grinder is moderately wounded.
Grinder hits you but does no damage.
You hit Grinder.
Grinder is heavily wounded.
Your skin stops crawling.
You feel less strong-willed. Grinder hits you but does no damage. x2
You hit Grinder.
Grinder is heavily wounded.
Grinder barely misses you.
You barely miss Grinder.
Grinder is heavily wounded.
Grinder hits you!
You writhe in agony.
Grinder gestures at you. You resist with significant effort.
You hit Grinder but do no damage.
Grinder is heavily wounded.
Grinder gestures at you.
You suddenly lose the ability to move!
Grinder hits you!
* * * LOW HITPOINT WARNING * * *
Grinder hits you but does no damage. Grinder barely misses you.
You can move again.
Unknown command.
Unknown command.
Unknown command.
Your skin crawls.
You feel strong-willed. Grinder hits you!
You die...

#. #. #. ##.
..##### #.#...
######.#.####.#.
.......@.......#
###.####5###.##
#.# #)# . #)# .#
....##)###.#
.......)..#.#
$.<..####.#.#
#... #.#.#


You could see Grinder.

Vanquished Creatures
  Natasha (thrice) (D:2)
  3 gnolls (D:3)
  An adder (D:2)
  A worm (D:2)
  2 dart slugs
  An orc (D:3)
  10 endoplasms
  3 giant cockroaches
  2 goblins (D:2)
  3 hobgoblins
  10 kobolds
  2 ball pythons
  5 bats
  7 frilled lizards
  7 rats
60 creatures vanquished.

Notes
Turn   | Place    | Note
-------+----------+-------------------------------------------
     0 | D:1      | toffzen the Gargoyle Berserker began the quest for the Orb.
     0 | D:1      | Reached XP level 1. HP: 14/14 MP: 1/1
   426 | D:1      | Reached XP level 2. HP: 18/19 MP: 2/2
   848 | D:1      | Reached ** piety under Trog
   869 | D:1      | Reached XP level 3. HP: 23/23 MP: 3/3
  1213 | D:2      | Noticed Natasha
  1224 | D:2      | Killed Natasha
  1226 | D:2      | Reached XP level 4. HP: 27/29 MP: 4/4
  1512 | D:2      | Found a faded altar of an unknown god.
  1515 | D:2      | Noticed Natasha
  1535 | D:2      | Killed Natasha
  1622 | D:2      | Noticed Natasha
  1632 | D:2      | Killed Natasha
  1633 | D:2      | Reached XP level 5. HP: 31/33 MP: 5/5
  2258 | D:3      | Noticed Grinder
  2288 | D:3      | Paralysed by Grinder for 4 turns
  2292 | D:3      | Slain by Grinder

Illustrated notes

Levels and vault maps discovered:
D:1:      amcnicky_arrival_abandoned_market, layout_loops_ring
D:2:      layout_rooms, chequers_ecumenical_altar_island, minmay_surrounded,
          uniq_natasha
D:3:      layout_loops_ring, grunt_decor_arrowhead, uniq_ijyb, uniq_grinder

Skill      XL: |  1  2  3  4  5 |
---------------+----------------+-----
Axes           | 3 4 |  4.0
Dodging        | 2 |  2.4
Armour         | 3 |  3.4
Fighting       | 4 |  4.1

Action                   |  1- 3 |  4- 6 || total
-------------------------+-------+-------++-------
Melee: Hand axe          |    99 |    14 ||   113
       Whip              |       |    70 ||    70
Invok: Berserk           |     2 |     5 ||     7
       Trog's Hand       |       |     2 ||     2
 Stab: Sleeping          |     1 |       ||     1
Armor: Animal skin       |    35 |    28 ||    63
Dodge: Dodged            |    58 |    49 ||   107
